 Dungeon Sprint DCSS version 0.30.1-11-g7821555f0a (webtiles) character file.

Game seed: 16075076049193736527

303 Heoruswealwe the Spear-Bearer (level 6, -11/62 HPs)
             Began as a Minotaur Fighter on Nov 3, 2023.
             Was an Initiate of Gozag.
             Mangled by a komodo dragon (25 damage)
             ... in the Dungeon (Sprint IX: "|||||||||||||||||||||||||||||").
             The game lasted 00:01:41 (113 turns).

Heoruswealwe the Spear-Bearer (Minotaur Fighter)     Turns: 113, Time: 00:01:42

Health: -11/62     AC:  8    Str: 22    XL:     6   Next: 15%
Magic:  5/5        EV:  9    Int:  5    God:    Gozag
Gold:   315        SH:  4    Dex: 10    Spells: 5/5 levels left

rFire   . . .        a - +0 trident
rCold   . . .        d - +0 buckler
rNeg    . . .        c - +0 scale mail
rPois   .            (helmet restricted)
rElec   .            (no cloak)
rCorr   .            (no gloves)
SInv    .            (no boots)
Will    .....        (no amulet) Stlth
                     (no ring)
HPRegen 0.30/turn    (no ring)
MPRegen 0.09/turn

%: no teleportation
@: gold aura
A: horns 2, retaliatory headbutt
a: Renounce Religion, Potion Petition, Call Merchant, Bribe Branch


You were in the Dungeon.
You worshipped Gozag.
Gozag was aware of your devotion.
You visited 1 branch You collected 315 gold pieces.

Inventory:

Hand Weapons
 a - a +0 trident (weapon)
Armour
 c - a +0 scale mail (worn)
 d - a +0 buckler (worn)
Jewellery
 k - a +3 ring of strength
 l - a +3 ring of dexterity
Wands
 j - a wand of acid (10)
Scrolls
 h - a scroll of blinking
Potions
 b - a potion of might
 e - 2 potions of heal wounds
 f - 4 potions of curing
 g - a potion of haste
 i - a potion of berserk rage


   Skills:
 + Level 8.6 Fighting
 * Level 11.2 Polearms
 + Level 8.6 Armour
 - Level 3.6 Shields


You had 5 spell levels left.
You didn't know any spells.
Your spell library was empty.

Dungeon Overview and Level Annotations

Branches:
Dungeon (1/1)

Altars:
Cheibriados
Dithmenos
Elyvilon
Fedhas
Gozag
Hepliaklqana
Kikubaaqudgha
Makhleb
Nemelex Xobeh
Okawaru
Qazlal
Ru
Sif Muna
Trog
Uskayaw
Vehumet
Wu Jian
Xom
Yredelemnul
Zin
The Shining One
Jiyva
Lugonu


Innate Abilities, Weirdness & Mutations

You have a pair of horns on your head.
You reflexively headbutt those who attack you in melee.


Message History

The kobold brigand is lightly wounded.
You completely miss the kobold brigand.
The kobold brigand is lightly wounded.
You block the kobold brigand's attack.
You hit the kobold brigand.
The kobold brigand is moderately wounded.
You block the kobold brigand's attack.
You hit the kobold brigand but do no damage.
The kobold brigand is moderately wounded.
The kobold brigand hits you with a +0 whip.
* * * LOW HITPOINT WARNING * * *
You puncture the kobold brigand!
Your headbutt misses the kobold brigand.
The kobold brigand is severely wounded.
The howler monkey hoots and howls with incredible vigour!
The kobold brigand hits you with a +0 whip.
* * * LOW HITPOINT WARNING * * *
You hear an angry buzzing noise.
You puncture the kobold brigand!
You kill the kobold brigand!
Your Polearms skill increases to level 11!
You have reached level 6!
You hit the komodo dragon.
The komodo dragon is lightly wounded.
The komodo dragon is distracted by your dazzling golden aura.
You closely miss the komodo dragon.
The komodo dragon is no longer distracted by gold.
The komodo dragon hisses angrily.
You headbutt the komodo dragon, but do no damage.
The komodo dragon is lightly wounded.
The two-headed ogre is distracted by your dazzling golden aura.
The komodo dragon is distracted by your dazzling golden aura.
The two-headed ogre shouts in stereo!
You hit the komodo dragon but do no damage.
The komodo dragon is no longer distracted by gold.
You headbutt the komodo dragon, but do no damage.
The komodo dragon is lightly wounded.
The komodo dragon bites you!!
You die...
Your body crumbles into a pile of gold. $$$$$ $$$$$ $ $ $ $$$$$ $ $ ▓▓▓▓▓▓▓▓▓▓▓▓▓▓▓▓▓▓▓▓▓▓▓▓ ______'!?).[[[..@lhY.O.+ ▓▓▓▓▓▓▓▓▓▓▓▓▓▓▓▓▓▓▓▓▓▓▓▓

You could see a two-headed ogre, a komodo dragon, a yak and a howler monkey.

Vanquished Creatures
  A centaur (D)
  A kobold brigand (D)
  2 scorpions (D)
  An iguana (D)
  A white imp (D)
  An ufetubus (D)
  An endoplasm (D)
  2 goblins (D)
  A ball python (D)
  A kobold (D)
12 creatures vanquished.

Notes
Turn   | Place    | Note
-------+----------+-------------------------------------------
     0 | D        | Heoruswealwe the Minotaur Fighter began the quest for the
                  | Orb.
     0 | D        | Reached XP level 1. HP: 19/19 MP: 0/0
     8 | D        | Reached skill level 3 in Polearms
    22 | D        | Noticed an iguana
    22 | D        | Noticed a scorpion
    22 | D        | Noticed a scorpion
    25 | D        | Found a snail-covered altar of Cheibriados.
    25 | D        | Found a shadowy altar of Dithmenos.
    25 | D        | Found a white marble altar of Elyvilon.
    25 | D        | Found a blossoming altar of Fedhas.
    25 | D        | Found an opulent altar of Gozag.
    26 | D        | Found a hazy altar of Hepliaklqana.
    27 | D        | Found a viscous altar of Jiyva.
    28 | D        | Found an ancient bone altar of Kikubaaqudgha.
    29 | D        | Found a corrupted altar of Lugonu.
    30 | D        | Found a burning altar of Makhleb.
    31 | D        | Found a sparkling altar of Nemelex Xobeh.
    32 | D        | Found an iron altar of Okawaru.
    33 | D        | Became a worshipper of Gozag Ym Sagoz the Greedy
    37 | D        | Killed a scorpion
    38 | D        | Reached skill level 5 in Fighting
    38 | D        | Reached skill level 6 in Polearms
    38 | D        | Reached skill level 5 in Armour
    38 | D        | Reached XP level 2. HP: 15/30 MP: 1/1
    38 | D        | Reached XP level 3. HP: 18/37 MP: 2/2
    46 | D        | Reached skill level 7 in Polearms
    46 | D        | Reached XP level 4. HP: 18/44 MP: 3/3
    48 | D        | Killed a scorpion
    49 | D        | Reached skill level 8 in Polearms
    58 | D        | Reached skill level 9 in Polearms
    58 | D        | Reached XP level 5. HP: 18/52 MP: 4/4
    61 | D        | Found a stormy altar of Qazlal.
    62 | D        | Found a sacrificial altar of Ru.
    63 | D        | Found a shimmering blue altar of Sif Muna.
    64 | D        | Found a bloodstained altar of Trog.
    65 | D        | Found a hide-covered altar of Uskayaw.
    66 | D        | Found a radiant altar of Vehumet.
    67 | D        | Found an ornate altar of the Wu Jian Council.
    68 | D        | Found a shimmering altar of Xom.
    69 | D        | Found a basalt altar of Yredelemnul.
    70 | D        | Found a glowing silver altar of Zin.
    71 | D        | Found a glowing golden altar of the Shining One.
    95 | D        | Noticed a centaur
    95 | D        | Noticed a komodo dragon
    95 | D        | Noticed a yak
    95 | D        | Noticed a two-headed ogre
   104 | D        | Killed a centaur
   105 | D        | Reached skill level 10 in Polearms
   111 | D        | Reached skill level 11 in Polearms
   111 | D        | Reached XP level 6. HP: 13/62 MP: 5/5
   113 | D        | Mangled by a komodo dragon

Illustrated notes

Levels and vault maps discovered:
D:        linesprint [early_d, line_temple, items_1, d_10, items_2, lair_1,
          lair_end, items_3, orc_1, orc_end, items_4, d_15, swamp_1, shoals_1,
          snake_1, spider_1, d_20, vaults_1, items_5, swamp_end, shoals_end,
          snake_end, spider_end, vaults_end, d_27, items_6, zot_1, zot_end,
          crypt_end, forest_end, elf_end, slime_end, tomb_end, abyss_end,
          pan_hell_end]

Skill      XL: |  1  2  3  4  5 |
---------------+----------------+-----
Polearms       | 6 7 9 11 | 11.2
Fighting       | 5 7 8 |  8.6
Armour         | 5 7 8 |  8.6
Shields        | |  3.6

Action                     |  1- 3 |  4- 6 || total
---------------------------+-------+-------++-------
  Melee: Trident           |    18 |    29 ||    47
         Headbutt          |     1 |     5 ||     6
    Use: Potion            |     2 |       ||     2
         Scroll            |     1 |       ||     1
 Armour: Scale mail        |     4 |    11 ||    15
  Dodge: Dodged            |     6 |     7 ||    13
  Block: Buckler           |     5 |    11 ||    16
